 Dungeon Crawl Stone Soup version 0.30-a0-629-gd54f4be4f7 (webtiles) character file.

Game seed: 11513945358055293298

125 Mitcholas the Shooter (level 4, -3/26 HPs)
             Began as a Deep Elf Hunter on Jan 12, 2023.
             Killed from afar by an orc wizard (5 damage)
             ... with a magic dart
             ... on level 3 of the Dungeon.
             The game lasted 00:04:25 (1897 turns).

Mitcholas the Shooter (Deep Elf Hunter)             Turns: 1897, Time: 00:04:25

Health: -3/26      AC:  3    Str:  8    XL:     4   Next: 82%
Magic:  6/6        EV: 13    Int: 14    God:
Gold:   146        SH:  0    Dex: 20    Spells: 3/3 levels left

rFire   . . .      SeeInvis .    a - +0 shortbow
rCold   + . .      Faith    .    (shield currently unavailable)
rNeg    . . .      Spirit   .    c - +0 leather armour
rPois   .          Reflect  .    (no helmet)
rElec   .          Harm     .    (no cloak)
rCorr   .          Rampage  .    (no gloves)
Will    .....                    (no boots)
Stlth   ++                       (no amulet)
HPRegen 0.24/turn                f - ring of protection from cold
MPRegen 0.10/turn                (no ring)

@: no status effects
A: no striking features
a: no special abilities


You were on level 3 of the Dungeon.
You visited 1 branch of the dungeon, and saw 3 of its levels.

You collected 146 gold pieces.

Inventory:

Hand Weapons
 a - a +0 shortbow (weapon)
Armour
 c - a +0 leather armour (worn)
Jewellery
 f - a ring of protection from cold (left hand)
Scrolls
 b - a scroll of immolation
 d - a scroll of silence {unknown}
 e - 2 scrolls of blinking {unknown}
 g - a scroll of noise {unknown}
 h - a scroll of amnesia {unknown}
 i - 2 scrolls of teleportation {unknown}
 j - 2 scrolls of identify {unknown}
Potions
 k - a potion of attraction {unknown}
 l - a potion of berserk rage {unknown}


   Skills:
 + Level 2.2 Fighting
 * Level 6.4 Ranged Weapons
 + Level 1.2 Armour
 + Level 3.2 Dodging
 + Level 2.6 Stealth


You had 3 spell levels left.
You didn't know any spells.
Your spell library was empty.

Dungeon Overview and Level Annotations

Branches:
Dungeon (3/15)

Altars:
Elyvilon


Message History

You shoot an arrow. The arrow hits the orc!
The orc is almost dead.
The orc barely misses you.
You shoot an arrow. The arrow hits the orc.
You kill the orc!
You shoot an arrow. The arrow hits the orc.
The orc is severely wounded.
Something hits you.
You shoot an arrow. The arrow closely misses the orc.
Something hits you.
You shoot an arrow. The arrow hits the orc.
The orc is almost dead.
The orc misses you.
Something hits you. x2; The orc closely misses you.
You shoot an arrow.
The arrow hits the orc but does no damage.
The orc is almost dead.
The orc hits you with a +0 short sword. Something hits you.
You shoot an arrow. The arrow barely misses the orc.
The orc hits you but does no damage. Something hits you.
You shoot an arrow.
The arrow hits the orc but does no damage.
The orc is almost dead.
The orc barely misses you. Something hits you.
You are too injured to fight recklessly!
You are too injured to fight recklessly!
You are too injured to fight recklessly!
You are too injured to fight recklessly!
You are too injured to fight recklessly!
Something hits you. The orc attacks as you move away!
The orc hits you with a +0 short sword.
* * * LOW HITPOINT WARNING * * *
The orc attacks as you move away! The orc hits you with a +0 short sword.
* * * LOW HITPOINT WARNING * * *
You shoot an arrow. The arrow hits the orc.
You kill the orc!
You shoot an arrow. Something hits you.
* * * LOW HITPOINT WARNING * * *
You hear some strange, mumbled words.
A magic dart appears from out of thin air!
The magic dart hits you.
You die...

##.........#
#..#######.#
...#.#.....#.#
.....#.....#.#
#.##.#.._..'.#
##.#.....#)#
#..#.....#.#
....#######.#
####......{@.#
##.##).####
#..).##
....#### ###


There were no monsters in sight!

Vanquished Creatures
  Jessica (D:2)
  Terence (D:2)
  An adder (D:2)
  A worm (D:2)
  2 dart slugs
  4 orcs (D:3)
  2 ball pythons
  3 bats (D:2)
  6 endoplasms
  2 giant cockroaches
  4 goblins
  4 hobgoblins (D:2)
  4 jackals (D:1)
  8 kobolds
  2 quokkas (D:2)
  A frilled lizard (D:2)
  3 rats
49 creatures vanquished.

Notes
Turn   | Place    | Note
-------+----------+-------------------------------------------
     0 | D:1      | Mitcholas the Deep Elf Hunter began the quest for the Orb.
     0 | D:1      | Reached XP level 1. HP: 12/12 MP: 3/3
   226 | D:1      | Reached XP level 2. HP: 10/17 MP: 4/4
   894 | D:2      | Reached XP level 3. HP: 21/21 MP: 5/5
   962 | D:2      | Noticed Jessica
   965 | D:2      | Killed Jessica
   966 | D:2      | Reached skill level 6 in Ranged Weapons
  1034 | D:2      | Reached skill level 1 in Armour
  1034 | D:2      | Reached XP level 4. HP: 26/26 MP: 6/6
  1041 | D:2      | Noticed Terence
  1050 | D:2      | Killed Terence
  1663 | D:2      | Found a faded altar of an unknown god.
  1823 | D:3      | Found a white marble altar of Elyvilon.
  1897 | D:3      | Killed from afar by an orc wizard

Illustrated notes

Levels and vault maps discovered:
D:1:      saegor_arrival_simple_b, layout_basic
D:2:      layout_basic, serial_rivers, chequers_serial_rivers_room_a,
          chequers_serial_rivers_micro_c, chequers_serial_rivers_small_b,
          chequers_serial_rivers_micro_b, chequers_serial_rivers_small_b,
          chequers_serial_rivers_micro_b,
          hellmonk_ecumenical_altar_leap_of_faith, solitary_fountain,
          uniq_terence, uniq_jessica
D:3:      layout_loops_ring, amcnicky_altar_gilded, lemuel_round_altar

Skill      XL: |  1  2  3 |
---------------+----------+-----
Stealth        | 2 |  2.6
Fighting       | 2 |  2.2
Ranged Weapons | 6 |  6.4
Dodging        | 3 |  3.2
Armour         | 1 |  1.2

Action                   |  1- 3 |  4- 6 || total
-------------------------+-------+-------++-------
 Fire: Shortbow          |    87 |    64 ||   151
Armor: Leather armour    |    13 |     3 ||    16
Dodge: Dodged            |    23 |    18 ||    41

Table legend: (Time is in decaauts)
 A = Elapsed time spent in this place.
 B = Non-inter-level travel time spent in this place.
 C = Inter-level travel time spent in this place.
 D = Time resting spent in this place.
 E = Time spent auto-exploring this place.
 F = Levels seen in this place.
 G = Mean time per level.
                   A        B        C        D        E       F      G
               +--------+--------+--------+--------+--------+-----+--------+
         Total |   1943 |   1884 |     59 |     84 |   1507 |   3 |  647.7 |
       Dungeon |   1943 |   1884 |     59 |     84 |   1507 |   3 |  647.7 |
               +--------+--------+--------+--------+--------+-----+--------+

Top non-repeatable levels by time:
     D:2: 1146 daAuts
     D:1: 677 daAuts
     D:3: 118 daAuts
